 Dungeon Crawl Stone Soup version 0.32-a0-450-g080537f31e (webtiles) character file.

Game seed: 17056720650808308369

2076 PriceMaster the Thaumaturge (level 9, -20/41 HPs)
             Began as a Spriggan Alchemist on Feb 23, 2024.
             Was a Follower of Ru.
             Demolished by a small abomination (21 damage)
             ... on level 6 of the Dungeon.
             The game lasted 00:16:54 (9553 turns).

PriceMaster the Thaumaturge (Spriggan Alchemist)    Turns: 9553, Time: 00:16:55

Health: -20/41     AC:  2    Str:  4    XL:     9   Next: 6%
Magic:  9/22       EV: 20    Int: 20    God:    Ru [*.....]
Gold:   219        SH:  0    Dex: 18    Spells: 3/24 levels left

rFire   + . .        o - +10 hand axe "Imotho" {vamp, Dex+4}
rCold   . . .        (no shield)
rNeg    . . .        a - +0 robe
rPois   +            (helmet restricted)
rElec   .            (no cloak)
rCorr   .            (gloves unavailable)
SInv    +            (boots unavailable)
Will    .....        j - amulet of faith
Stlth   +++          (no ring)
HPRegen 0.26/turn    (no ring)
MPRegen 0.18/turn

%: faith
@: studying Dodging, very quick
A: very small, no large weapons, unfitting armour, see invisible, speed 3,
weak-willed 1, clumsy 1, fire resistance 1, poison resistance
a: Renounce Religion


You were on level 6 of the Dungeon.
You worshipped Ru.
Ru was aware of your devotion.
You visited 1 branch of the dungeon, and saw 6 of its levels.

You collected 219 gold pieces.

Inventory:

Hand Weapons
 d - a +0 dagger of venom
 e - a +0 spectral dagger
 o - the +10 hand axe "Imotho" (weapon) {vamp, Dex+4}
   (You found it on level 3 of the Dungeon)

   Dex+4:     It affects your dexterity (+4).
Armour
 a - a +0 robe (worn)
 k - +0 steam dragon scales
Jewellery
 j - an amulet of faith (around neck)
Wands
 f - a wand of iceblast (9)
Scrolls
 c - a scroll of teleportation
 g - 2 scrolls of fear
 i - a scroll of enchant weapon {unknown}
 p - a scroll of acquirement {unknown}
 r - a scroll of noise {unknown}
Potions
 b - 2 potions of attraction {unknown}
 l - a potion of enlightenment
 m - a potion of ambrosia
 n - a potion of cancellation {unknown}


   Skills:
 + Level 1.0 Fighting
 + Level 1.0 Short Blades
 + Level 2.0 Axes
 + Level 5.1 Dodging
 + Level 4.3 Stealth
 + Level 8.3 Spellcasting
 * Level 4.0 Conjurations
 + Level 1.4 Air Magic
 + Level 7.7 Alchemy


You had 3 spell levels left.
You knew the following spells:

 Your Spells              Type           Power      Damage    Failure   Level
a - Sting                 Conj/Alch      100%       1d9       1%          1
b - Mercury Vapours       Alch/Air       52%        N/A       1%          2
c - Olgreb's Toxic Radia  Alch           39%        N/A       3%          4
d - Alistair's Intoxicat  Alch           26%        N/A       10%         5
e - Sticky Flame          Fire/Alch      23%        2d6       17%         4
f - Iskenderun's Battles  Conj           24%        2d8       38%         5

Your spell library contained the following spells:

 Spells                   Type           Power      Damage    Failure   Level
 Mephitic Cloud           Conj/Alch/Air  26%        N/A       4%          3
 Sandblast                Erth           16%        2d6       9%          1
 Stone Arrow              Conj/Erth      32%        3d9       11%         3
 Passwall                 Erth           8%         N/A       24%         3
 Brom's Barrelling Bould  Conj/Erth      16%        2d4       34%         4
 Eringya's Noxious Bog    Alch           19%        4d6       45%         6
 Animate Armour           Summ/Erth      16%        N/A       63%         4
 Fireball                 Conj/Fire      8%         3d6       69%         5
 Borgnjor's Vile Clutch   Necr/Erth      4%         N/A       92%         5
 Conjure Ball Lightning   Conj/Air       9%         3x3d6     99%         6
 Orb of Destruction       Conj           12%        9d7       100%        7
 Lehudib's Crystal Spear  Conj/Erth      8%         10d3      100%        8


Dungeon Overview and Level Annotations

Branches:
Dungeon (6/15)             Temple (0/1) D:6

Altars:
Fedhas
Qazlal
Ru
Wu Jian
Yredelemnul
The Shining One

Shops:
D:1 (   D:2 *

Portals:
Abyss: D:6

Annotations:
D:6 1 transporter, Azoth's ghost, novice KoHu


Innate Abilities, Weirdness & Mutations

You are very small and have problems with some larger weapons.
You are too small for most types of armour.
You have supernaturally acute eyesight. (SInv)
You cover ground extremely quickly. (Speed+++)
You are slightly weak-willed. (Will-)
You are clumsy. (Dex -2)
Your flesh is heat resistant. (rF+)
Your system is resistant to poisons. (rPois)


Message History

You begin to radiate toxic energy.
Your battlesphere fires!
The barrage of energy hits the small abomination!
The small abomination is moderately damaged.
The small abomination misses you.
You feel extremely strange.
You no longer feel heat resistant.
You feel stupid.
Your iridescent scales disappear.
You feel resistant to poisons.
You feel resistant to heat.
Your toxic aura wanes.
The small abomination barely misses your battlesphere.
The small abomination misses you.
The small abomination barely misses you.
You feel better.
The small abomination hits your battlesphere!!
Your battlesphere is destroyed!
The small abomination hits you! The small abomination misses you.
You hit the small abomination but do no damage.
The small abomination is moderately damaged.
You hit the small abomination. The small abomination hits you!
* * * LOW HITPOINT WARNING * * *
The small abomination misses you.
The small abomination barely misses you.
Your magical contamination has completely faded away.
Okay, then.
Okay, then.
Casting: Olgreb's Toxic Radiance (dangerous; 3% risk of failure)
Confirm with . or Enter, or press ? or * to list all spells.
Okay, then.
Okay, then.
As you read the scroll of fear, it crumbles to dust.
You assume a fearsome visage.
The small abomination is unaffected. x2
The orange demon looks frightened!
The small abomination is unaffected.
The small abomination misses you.
The small abomination is stunned by your conviction and fails to attack.
The small abomination barely misses you.
The small abomination hits you!!
Ouch! That really hurt!
You die...
Ru respects your ultimate sacrifice.

.#######.#...#..###...###.##...#
.#....##.#...##...##..# #..#...#
.#(##.##.#....#*^..####.#.##...#
......##.#...##.#.#.5.:#.##...##
............##4#.###.##.##....#
.....####...#©..##∩...#©#.....###
.....# ##..###...###...###...#..
##.#######...##xx##.###^. ##..#..
...>....#....##x@#....##.#.#.....
......#.....##°.####...##..#..#..
..#.#.#.##..#.###..##..##.##.....
..###.#.##..##.WW..(#..#..#......
..# #.#......####..##..##x#......
..# #.##.......©####....###....##
..# #............##............##
..# ####......................##.
### #......................#..


You could see an orange demon (fleeing) and 3 small abominations.

Vanquished Creatures
  Pikel (D:6)
  A steam dragon (D:6)
  A water moccasin (D:6)
  A sky beast (D:6)
  An ice beast (D:6)
  2 black bears (D:5)
  A phantom (D:5)
  2 lemures (D:6)
  A bullfrog (D:6)
  2 bombardier beetles (D:5)
  3 hounds
  2 jellies
  3 orc priests
  A sleepcap (D:6)
  Terence (D:2)
  3 iguanas
  6 orc wizards
  4 gnolls (D:4)
  6 adders
  3 white imps
  5 dart slugs
  5 ribbon worms
  23 orcs
  6 endoplasms
  2 giant cockroaches
  11 goblins
  4 hobgoblins
  4 jackals (D:5)
  9 kobolds
  4 quokkas
  11 ball pythons
  9 bats
  7 frilled lizards
  6 rats
151 creatures vanquished.

Notes
Turn   | Place    | Note
-------+----------+-------------------------------------------
     0 | D:1      | PriceMaster the Spriggan Alchemist began the quest for the
                  | Orb.
     0 | D:1      | Reached XP level 1. HP: 9/9 MP: 5/5
    93 | D:1      | Found Xexkaclu's Weapon Emporium.
   193 | D:1      | Reached skill level 3 in Spellcasting
   358 | D:1      | Reached XP level 2. HP: 13/13 MP: 5/7
   361 | D:1      | Learned a level 2 spell: Mercury Vapours
  1045 | D:1      | Reached XP level 3. HP: 16/16 MP: 0/8
  1862 | D:2      | Reached skill level 1 in Conjurations
  2140 | D:2      | Noticed Terence
  2155 | D:2      | Killed Terence
  2156 | D:2      | Reached skill level 1 in Air Magic
  2156 | D:2      | Reached XP level 4. HP: 21/21 MP: 0/10
  2231 | D:2      | Learned a level 4 spell: Olgreb's Toxic Radiance
  2318 | D:2      | Found Cytyina's Assorted Antiques.
  2794 | D:2      | Found a faded altar of an unknown god.
  3175 | D:3      | Reached skill level 4 in Spellcasting
  3399 | D:3      | Found a stormy altar of Qazlal.
  3667 | D:3      | Reached XP level 5. HP: 24/24 MP: 9/12
  3675 | D:3      | Identified the +10 hand axe "Imotho" {vamp, Dex+4}
  3709 | D:3      | Reached skill level 1 in Short Blades
  4369 | D:3      | Found a basalt altar of Yredelemnul.
  4990 | D:4      | Reached XP level 6. HP: 28/28 MP: 0/13
  5560 | D:4      | Reached skill level 5 in Spellcasting
  5563 | D:4      | Reached skill level 5 in Alchemy
  6206 | D:4      | Gained mutation: Your flesh is heat resistant. (rF+)
                  | [potion of mutation]
  6206 | D:4      | Gained mutation: You are clumsy. (Dex -2) [potion of
                  | mutation]
  6206 | D:4      | Gained mutation: You are partially covered in iridescent
                  | scales. (AC +2) [potion of mutation]
  6206 | D:4      | Gained mutation: Your mind is acute. (Int +4, Str/Dex -1)
                  | [potion of mutation]
  6233 | D:5      | Entered Level 5 of the Dungeon
  6251 | D:5      | Reached skill level 1 in Axes
  6258 | D:5      | Reached XP level 7. HP: 32/32 MP: 3/16
  6580 | D:5      | Found a sacrificial altar of Ru.
  6597 | D:5      | Became a worshipper of Ru the Awakened
  6680 | D:5      | Reached skill level 6 in Spellcasting
  7693 | D:5      | Found an ornate altar of the Wu Jian Council.
  7812 | D:5      | Learned a level 5 spell: Alistair's Intoxication
  7817 | D:5      | Learned a level 4 spell: Sticky Flame
  8085 | D:6      | Noticed Pikel
  8101 | D:6      | Killed Pikel
  8102 | D:6      | Reached skill level 7 in Spellcasting
  8102 | D:6      | Reached XP level 8. HP: 37/37 MP: 1/20
  8235 | D:6      | Found a staircase to the Ecumenical Temple.
  8243 | D:6      | Learned a level 5 spell: Iskenderun's Battlesphere
  8285 | D:6      | Found a transporter.
  8285 | D:6      | Noticed an orange demon
  8305 | D:6      | Found a one-way gate to the infinite horrors of the Abyss.
  8305 | D:6      | Noticed Azoth's ghost (novice KoHu)
  8357 | D:6      | Found a transporter.
  8443 | D:6      | Reached skill level 8 in Spellcasting
  8578 | D:6      | Reached skill level 1 in Fighting
  8579 | D:6      | Reached skill level 5 in Dodging
  8718 | D:6      | Gained mutation: You are slightly weak-willed. (Will-) [Ru
                  | sacrifice]
  8718 | D:6      | Reached * piety under Ru
  9321 | D:6      | Found a blossoming altar of Fedhas.
  9321 | D:6      | Found a glowing golden altar of the Shining One.
  9327 | D:6      | Reached XP level 9. HP: 41/41 MP: 14/22
  9550 | D:6      | Lost mutation: Your flesh is heat resistant. (rF+) [potion
                  | of mutation]
  9550 | D:6      | Lost mutation: Your mind is acute. (Int +4, Str/Dex -1)
                  | [potion of mutation]
  9550 | D:6      | Lost mutation: You are partially covered in iridescent
                  | scales. (AC +2) [potion of mutation]
  9550 | D:6      | Gained mutation: Your system is resistant to poisons.
                  | (rPois) [potion of mutation]
  9550 | D:6      | Gained mutation: Your flesh is heat resistant. (rF+)
                  | [potion of mutation]
  9552 | D:6      | HP: 1/41 [small abomination (16)]
  9553 | D:6      | Demolished by a small abomination

Illustrated notes

Levels and vault maps discovered:
D:1:      lightli_arrival_windingriver, layout_basic, serial_shops,
          nicolae_shop_statue_plus, minmay_surrounded
D:2:      layout_basic, ebering_ecumenical_altar_rust, serial_shops, shop,
          uniq_terence
D:3:      layout_loops_corners, nicolae_overflow_hidden_temple
D:4:      layout_loops_ring, serial_library_regret_index_headful
D:5:      layout_cave_pods, nicolae_ru_great_annihilating_truth,
          nzn_wu_jian_contemplation
D:6:      layout_basic, gammafunk_temple_overflow_pools, temple_fountains,
          gammafunk_ghost_abyssal_escape, uniq_pikel

Skill      XL: |  1  2  3  4  5  6  7  8 |
---------------+-------------------------+-----
Spellcasting   | 3 4 5 7 8 |  8.3
Conjurations   | 1 2 3 4 |  4.0
Air Magic      | 1 |  1.4
Alchemy        | 4 5 7 |  7.7
Dodging        | 3 4 5 |  5.1
Short Blades   | 1 |  1.0
Axes           | 1 2 |  2.0
Stealth        | 4 |  4.3
Fighting       | 1 |  1.0

Action                     |  1- 3 |  4- 6 |  7- 9 || total
---------------------------+-------+-------+-------++-------
  Melee: Unarmed           |     1 |       |       ||     1
         Dagger            |    42 |    31 |       ||    73
         Hand axe          |       |    23 |    44 ||    67
   Cast: Sting             |    58 |    61 |    37 ||   156
         Mercury Vapours   |    12 |     4 |     8 ||    24
         Olgreb's Toxic Ra |       |    21 |    14 ||    35
         Alistair's Intoxi |       |       |     2 ||     2
         Iskenderun's Batt |       |       |    10 ||    10
         Sticky Flame      |       |       |     1 ||     1
 Invoke: Sacrifice Essence |       |       |     1 ||     1
    Use: Scroll            |     4 |     5 |     2 ||    11
         Potion            |       |     4 |     2 ||     6
   Stab: Distracted        |     1 |       |       ||     1
         Sleeping          |       |     2 |       ||     2
         Confused          |       |       |     1 ||     1
 Armour: Robe              |    16 |    25 |    30 ||    71
  Dodge: Dodged            |    47 |    43 |    56 ||   146

Table legend: (Time is in decaauts)
 A = Elapsed time spent in this place.
 B = Non-inter-level travel time spent in this place.
 C = Inter-level travel time spent in this place.
 D = Time resting spent in this place.
 E = Time spent auto-exploring this place.
 F = Levels seen in this place.
 G = Mean time per level.
                   A        B        C        D        E       F      G
               +--------+--------+--------+--------+--------+-----+--------+
         Total |   7817 |   7672 |    145 |   3312 |   3472 |   6 | 1302.8 |
       Dungeon |   7817 |   7672 |    145 |   3312 |   3472 |   6 | 1302.8 |
               +--------+--------+--------+--------+--------+-----+--------+

Top non-repeatable levels by time:
     D:5: 1566 daAuts
     D:3: 1428 daAuts
     D:1: 1218 daAuts
     D:6: 1213 daAuts
     D:4: 1203 daAuts
     D:2: 1187 daAuts
